 Dungeon Crawl Stone Soup version 0.17-a0-1591-g7a45446 (webtiles) character file.

14050 Chiseanne the Thaumaturge (level 11, -2/78 HPs)
             Began as a Demonspawn Wanderer on July 29, 2015.
             Was a High Priest of Vehumet.
             Slain by a wight
             ... wielding a +0 halberd
              (6 damage)
             ... on level 14 of the Dungeon.
             The game lasted 00:54:45 (17488 turns).

Chiseanne the Thaumaturge (Demonspawn Wanderer)    Turns: 17488, Time: 00:54:45

Health: -2/78      AC: 16    Str: 11    XL:     11   Next: 83%
Magic:  0/26       EV: 12    Int: 19    God:    Vehumet [*****.]
Gold:   200        SH:  5    Dex: 15    Spells: 8 memorised, 4 levels left

rFire  + . .     SeeInvis .     s - +3 spear (distort)
rCold  . . .     Clarity  .     l - +1 leather armour
rNeg   . . .     SustAt   .     M - +0 buckler
rPois  .         Gourm    .     e - +1 hat
rElec  .         Spirit   +     O - +1 cloak
rCorr  .         Warding  .     J - +1 pair of gloves {Dex+3}
rMut   .         Stasis   .     u - +1 pair of boots
MR     .....                    A - amulet of guardian spirit
Stlth  ++++......               (no ring)
                                r - ring of stealth

@: marked, not resistant to hostile enchantments, stealthy
A: molten scales 3, demonic guardian 1, nightstalker 1
a: Renounce Religion


You were on level 14 of the Dungeon.
You worshipped Vehumet.
Vehumet was extremely pleased with you.
You were not hungry.

You visited 2 branches of the dungeon, and saw 15 of its levels.

You collected 957 gold pieces.
You spent 757 gold pieces at shops.

Inventory:

Hand weapons
 a - a +3 short sword
 s - a +3 spear of distortion (weapon)
 x - a +0 blowgun
Missiles
 b - a tomahawk of dispersal
 h - a throwing net (quivered)
 j - 2 exploding tomahawks
 o - 88 poisoned needles
 K - 2 curare-tipped needles
Armour
 e - a +1 hat (worn)
 l - a +1 leather armour (worn)
 u - a +1 pair of boots (worn)
 J - a +1 pair of gloves of dexterity (worn)
 M - a +0 buckler (worn)
 O - a +1 cloak (worn)
Magical staves
 p - an uncursed staff of fire {unknown}
 R - an uncursed staff of cold {unknown}
Jewellery
 r - a ring of stealth (left hand)
 A - an amulet of guardian spirit (around neck)
 D - an uncursed ring of teleportation
 F - an uncursed amulet of clarity {unknown}
 S - an uncursed amulet of faith {unknown}
Magical devices
 E - a wand of cold (6)
 G - a wand of fireball (9)
 V - a wand of teleportation (4)
Scrolls
 d - 2 scrolls of amnesia
 q - 2 scrolls of teleportation
 v - a scroll of magic mapping
 B - a scroll of remove curse
Potions
 c - 6 potions of heal wounds
 i - 4 potions of flight
 k - a potion of brilliance {unknown}
 m - a potion of beneficial mutation {unknown}
 n - a potion of poison {unknown}
 t - 4 potions of haste
 w - a potion of invisibility {unknown}
 z - a potion of resistance {unknown}
 I - 2 potions of magic
 L - a potion of cure mutation {unknown}
 U - a potion of might
 X - a potion of berserk rage
 Y - a potion of agility {unknown}
Books
 y - a book of Party Tricks

   Spells                             Type                      Level
   a - Summon Butterflies             Summoning                    1
   b - Apportation                    Translocation                1
   c - Tukima's Dance                 Hexes                        3
   d - Alistair's Intoxication        Transmutation/Poison         4
   e - Invisibility                   Hexes                        6
 C - a book of Alchemy

   Spells                             Type                      Level
   a - Sublimation of Blood           Necromancy                   2
   b - Ignite Poison                  Fire/Transmutation/Poison    3
   c - Alistair's Intoxication        Transmutation/Poison         4
   d - Condensation Shield            Ice                          4
   e - Petrify                        Transmutation/Earth          4
   f - Irradiate                      Conjuration/Transmutation    5
 H - a book of Transfigurations

   Spells                             Type                      Level
   a - Stoneskin                      Transmutation/Earth          2
   b - Irradiate                      Conjuration/Transmutation    5
   c - Statue Form                    Transmutation/Earth          6
   d - Hydra Form                     Transmutation                6
   e - Dragon Form                    Transmutation                7
 P - a book of Burglary

   Spells                             Type                      Level
   a - Swiftness                      Charms/Air                   2
   b - Passwall                       Transmutation/Earth          3
   c - Passage of Golubria            Translocation                4
   d - Lee's Rapid Deconstruction     Earth                        5
   e - Darkness                       Hexes                        6
   f - Invisibility                   Hexes                        6
 Q - a Grand Grimoire

   Spells                             Type                      Level
   a - Monstrous Menagerie            Summoning                    6
   b - Summon Greater Demon           Summoning                    7
   c - Malign Gateway                 Summoning/Translocation      7
   d - Summon Horrible Things         Summoning                    8
 T - a book of Flames

   Spells                             Type                      Level
   a - Flame Tongue                   Conjuration/Fire             1
   b - Throw Flame                    Conjuration/Fire             2
   c - Conjure Flame                  Conjuration/Fire             3
   d - Inner Flame                    Hexes/Fire                   3
   e - Sticky Flame                   Conjuration/Fire             4
   f - Fireball                       Conjuration/Fire             5
Comestibles
 f - 3 bread rations
 g - 8 meat rations
 N - 10 royal jellies
 W - a slice of pizza


   Skills:
 - Level 4.9 Fighting
 - Level 1.7 Short Blades
 - Level 1.0 Polearms
 - Level 4.7 Armour
 - Level 3.9 Dodging
 - Level 2.6 Stealth
 - Level 4.0 Shields
 * Level 11.4 Spellcasting
 * Level 9.1 Conjurations
 - Level 3.0 Fire Magic
 + Level 5.1 Ice Magic


You had 4 spell levels left.
You knew the following spells:

 Your Spells              Type           Power        Failure   Level  Hunger
a - Apportation           Tloc           ##........   12%         1    None
b - Sting                 Conj/Pois      ####         1%          1    None
c - Throw Frost           Conj/Ice       #####.       1%          2    None
d - Throw Icicle          Conj/Ice       #####...     1%          4    ##.....
e - Fireball              Conj/Fire      ####......   5%          5    ####...
f - Sticky Flame          Conj/Fire      ####....     2%          4    ##.....
g - Irradiate             Conj/Trmt      ####......   11%         5    ####...
h - Bolt of Cold          Conj/Ice       #####.....   32%         6    ######.


Dungeon Overview and Level Annotations

Branches:
Dungeon (14/15)            Temple (1/1) D:4            Lair (0/8) D:10
    Orc (0/4) D:10
 Vaults: D:13-14

Altars:
Ashenzari
Cheibriados
Elyvilon
Fedhas
Gozag
Kikubaaqudgha
Makhleb
Nemelex Xobeh
Okawaru
Qazlal
Ru
Sif Muna
Trog
Vehumet
Xom
Beogh

Shops:
D:8 *   D:10 (   D:12 }

Annotations:
D:10 exclusion: downstairs
D:11 1 exclusion, Snorg
D:14 Kirke


Innate Abilities, Weirdness & Mutations

You are completely covered in molten scales (AC +4, EV -1, rF+).
A weak demonic guardian rushes to your aid.
You are slightly more attuned to the shadows.


Message History

A hog comes into view.
Read which item? (? for menu, Esc to quit)
Okay, then.
Drink which item? (? for menu, Esc to quit)
You feel much better. You block the harpy's attack.
The harpy claws you but does no damage. The harpy claws you!
* * * LOW HITPOINT WARNING * * *
The harpy claws you but does no damage.
The centaur hits you but does no damage.
The jelly barely misses you.
The crimson imp hits you but does no damage.
The harpy barely misses you. The harpy claws you!
* * * LOW HITPOINT WARNING * * *
The ogre barely misses you. The harpy claws you!
* * * LOW HITPOINT WARNING * * *
The harpy claws you but does no damage.
The crimson imp shouts, "Run away, thou spongy mumble-news nightsoil!"
The centaur hits you but does no damage.
The wight hits you from afar with a halberd.
You die...

...... #...# h...+
##.h.## ##+##
#..5..########...#
.#..<@H'..#...+...#
.'..Dzh#..'...#...#
#...cO######'#...#
###.H@5.###...####
+.5HJ.+.+...#
#.....#'#...#
#..........5#
#......(....#
#.....)..#..#
#.....#+##..#
+.....# ...#
#.....+ ..#


You could see Kirke, 3 harpies, 2 hogs, a mottled dragon, an ogre, a centaur, a
hound, a jelly, a wight, 2 crimson imps and a friendly white imp.

Vanquished Creatures
  An ogre mage (D:10)
  A hill giant (D:14)
  A manticore (D:12)
  A cyclops (D:11)
  A kobold demonologist (D:10)
  2 gargoyles
  2 trolls
  A two-headed ogre (D:10)
  A trapdoor spider (D:11)
  2 yaks (D:12)
  A hippogriff (D:9)
  4 vampire mosquitoes
  2 wyverns (D:12)
  A deep elf mage (D:10)
  Edmund (D:6)
  A water moccasin (D:5)
  An eye of draining (D:11)
  An ice beast (D:7)
  5 orc warriors
  14 ogres
  3 sky beasts
  A wasp (D:10)
  2 phantoms
  A crocodile (D:11)
  A necrophage (D:10)
  5 big kobolds
  4 centaurs
  A wyvern zombie (D:9)
  A gnoll sergeant (D:11)
  7 giant frogs
  4 scorpions
  2 wyvern skeletons
  A water moccasin skeleton (D:9)
  9 wights
  15 killer bees
  2 centaur zombies
  5 crimson imps
  5 hounds
  6 jellies
  7 orc wizards
  4 iguanas
  6 orc priests
  5 giant frog zombies
  4 worker ants
  3 centaur skeletons
  4 sheep (D:11)
  3 hound skeletons
  2 worker ant zombies
  11 gnolls
  10 adders
  4 shadow imps
  4 oozes (D:11)
  An adder skeleton (D:9)
  3 worms
  5 giant geckos
  46 orcs
  22 bats
  6 giant cockroaches
  13 goblins
  17 hobgoblins
  11 jackals
  3 quokkas
  2 ball pythons
  A giant gecko skeleton (D:4)
  2 giant newts
  22 kobolds
  2 quokka skeletons (D:5)
  A quokka zombie (D:9)
  10 rats
353 creatures vanquished.

Vanquished Creatures (collateral kills)
  A hill giant (D:10)
  A trapdoor spider (D:12)
  A yak (D:9)
  A giant frog (D:6)
  A hound (D:9)
  3 orcs
  3 kobolds (D:10)
  A giant cockroach (D:8)
  A jackal (D:5)
  A rat (D:9)
14 creatures vanquished.

Vanquished Creatures (others)
  An unseen horror (D:12)
  A centaur zombie (D:10)
  A redback zombie (D:12)
  A wraith (D:11)
  A yak (D:9)
  An ice beast (D:7)
  An orc warrior (D:10)
  An eye of draining (D:10)
  A sky beast (D:7)
  A phantom (D:11)
  A necrophage (D:7)
  A giant frog (D:10)
  A killer bee (D:11)
  A wight (D:8)
  A quasit (D:6)
  2 worker ants
  2 adders
  A shadow imp (D:5)
  2 orcs
  A bat skeleton (D:4)
  3 jackals
  A quokka skeleton (D:6)
27 creatures vanquished.

Grand Total: 394 creatures vanquished

Notes
Turn   | Place    | Note
--------------------------------------------------------------
     0 | D:1      | Chiseanne the Demonspawn Wanderer began the quest for the Orb.
     0 | D:1      | Chiseanne set off with: a +2 short sword, a potion of lignification, a +0 spear, a +0 robe, a +0 dagger, a bread ration
     0 | D:1      | Reached XP level 1. HP: 18/18 MP: 1/1
   594 | D:1      | You fall through a shaft!
   619 | D:2      | Gained mutation: You are partially covered in molten scales (AC +1). [demonic ancestry]
   619 | D:2      | Reached XP level 2. HP: 24/24 MP: 2/2
   897 | D:2      | Found a faded altar to an unknown god.
  1148 | D:2      | Reached skill level 1 in Armour
  1166 | D:2      | Reached XP level 3. HP: 18/29 MP: 3/3
  1988 | D:3      | Gained mutation: You are mostly covered in molten scales (AC +3, EV -1). [demonic ancestry]
  1988 | D:3      | Reached XP level 4. HP: 35/35 MP: 4/4
  2526 | D:4      | Noticed an ogre
  2611 | D:4      | Gained mutation: You are slightly more attuned to the shadows. [demonic ancestry]
  2611 | D:4      | Reached XP level 5. HP: 32/42 MP: 5/5
  2618 | D:4      | Reached skill level 4 in Fighting
  2798 | D:4      | Killed an ogre
  2798 | D:4      | Reached XP level 6. HP: 32/48 MP: 6/6
  2801 | D:4      | Noticed an ogre
  2942 | D:4      | Killed an ogre
  3234 | D:4      | Found an ancient bone altar of Kikubaaqudgha.
  3527 | D:4      | Found a staircase to the Ecumenical Temple.
  3686 | Temple   | Entered the Ecumenical Temple
  3694 | Temple   | Became a worshipper of Vehumet
  3766 | D:5      | Entered Level 5 of the Dungeon
  3781 | D:5      | Noticed a water moccasin
  3816 | D:5      | Killed a water moccasin
  3816 | D:5      | Gained mutation: A weak demonic guardian rushes to your aid. [demonic ancestry]
  3816 | D:5      | Reached XP level 7. HP: 48/55 MP: 7/7
  4418 | D:5      | Found a deep blue altar of Sif Muna.
  4454 | D:5      | Reached skill level 1 in Spellcasting
  4678 | D:5      | Acquired Vehumet's first power
  4678 | D:5      | Offered knowledge of Freeze by Vehumet.
  4799 | D:5      | Noticed a moth of wrath
  4802 | D:5      | Found a bloodstained altar of Trog.
  5071 | D:5      | Reached XP level 8. HP: 14/61 MP: 12/14
  5401 | D:6      | Noticed Edmund
  5461 | D:6      | Killed Edmund
  5461 | D:6      | Reached skill level 5 in Spellcasting
  6031 | D:7      | Reached skill level 6 in Spellcasting
  6044 | D:7      | Learned a level 1 spell: Apportation
  6276 | D:7      | Reached skill level 7 in Spellcasting
  6379 | D:7      | Found a shattered altar of Ashenzari.
  6751 | D:7      | Offered knowledge of Sting by Vehumet.
  7120 | D:7      | Learned a level 1 spell: Sting
  7269 | D:7      | Reached skill level 1 in Conjurations
  7370 | D:8      | Reached XP level 9. HP: 57/67 MP: 12/20
  8026 | D:8      | Reached skill level 8 in Spellcasting
  8028 | D:8      | HP: 3/67 [poisoned by a killer bee]
  8548 | D:8      | Found Yllapnopt's General Store.
  8555 | D:8      | Bought a +1 pair of gloves of dexterity for 214 gold pieces
  8555 | D:8      | Bought a scroll of torment for 97 gold pieces
  8555 | D:8      | Bought a scroll of identify for 26 gold pieces
  8555 | D:8      | Bought a cursed +0 buckler for 45 gold pieces
  8555 | D:8      | Bought 2 fruits for 39 gold pieces
  8602 | D:8      | Reached skill level 1 in Shields
  8776 | D:8      | Found a sparkling altar of Nemelex Xobeh.
  8872 | D:8      | Offered knowledge of Throw Frost by Vehumet.
  9320 | D:8      | Learned a level 2 spell: Throw Frost
  9372 | D:9      | Acquired Vehumet's second power
 10120 | D:10     | Entered Level 10 of the Dungeon
 10143 | D:10     | Reached XP level 10. HP: 73/73 MP: 18/22
 10153 | D:10     | Offered knowledge of Throw Icicle by Vehumet.
 10159 | D:10     | Learned a level 4 spell: Throw Icicle
 10374 | D:10     | Reached skill level 1 in Ice Magic
 10495 | D:10     | Found a staircase to the Orcish Mines.
 10767 | D:10     | Noticed a centaur zombie
 10769 | D:10     | Banished a centaur zombie
 11050 | D:10     | Noticed a hill giant
 11298 | D:10     | Noticed an ogre mage
 11320 | D:9      | Reached skill level 9 in Spellcasting
 11320 | D:9      | Reached skill level 5 in Conjurations
 11542 | D:10     | Killed a hill giant
 11571 | D:10     | Noticed a sixfirhy
 11578 | D:10     | Acquired Vehumet's third power
 12390 | D:10     | Found a roughly hewn altar of Beogh.
 12435 | D:9      | Offered knowledge of Fireball by Vehumet.
 12443 | D:9      | Learned a level 5 spell: Fireball
 12794 | D:10     | Killed an ogre mage
 12794 | D:10     | Reached skill level 10 in Spellcasting
 12956 | D:10     | Found Ytiyq's Weapon Shoppe.
 13025 | D:10     | Found a staircase to the Lair.
 13033 | D:10     | Learned a level 4 spell: Sticky Flame
 13039 | D:10     | Learned a level 5 spell: Irradiate
 13203 | D:10     | Gained mutation: You are completely covered in molten scales (AC +4, EV -1, rF+). [demonic ancestry]
 13203 | D:10     | Reached XP level 11. HP: 78/78 MP: 15/25
 13428 | D:11     | Noticed Snorg
 13428 | D:11     | Noticed an eight-headed hydra
 14441 | D:11     | Offered knowledge of Bolt of Cold by Vehumet.
 14455 | D:11     | Learned a level 6 spell: Bolt of Cold
 14972 | D:11     | Reached skill level 1 in Fire Magic
 15728 | D:12     | Reached skill level 11 in Spellcasting
 16012 | D:12     | Found Codoll's Gadget Emporium.
 16032 | D:12     | Bought a wand of teleportation (4) for 336 gold pieces
 16560 | D:12     | Banished an unseen horror
 16738 | D:12     | Found a burning altar of Makhleb.
 17412 | D:13     | Reached skill level 5 in Ice Magic
 17470 | D:14     | Noticed a hill giant
 17474 | D:14     | Killed a hill giant
 17483 | D:14     | Noticed Kirke
 17488 | D:14     | Slain by a wight

Vault maps used:
D:1:      eino_arrival_tree_alley, lexackson_kobold_supper
D:2:      ecumenical_altar_2
D:4:      kiku_gazebo_pond_becter, minmay_temple_entry_fiery, first_bread
D:5:      tgw_trog, lemuel_blue_sif_altar
D:6:      uniq_edmund
D:7:      minmay_misc_feat_plants, cheibrodos_ashenzari_chains
D:8:      serial_shops, shop, lemuel_statue_altar
D:10:     lair_0_dummy, minmay_orc_entry_temple_large, serial_shops,
          kennysheep_little_box
D:11:     hangedman_little_slice_of_home, minmay_misc_feat_more_columns,
          uniq_snorg
D:12:     serial_shops, shop, bloody_makhleb
D:13:     minmay_wizard_corner
D:14:     david_vaults_1, tso_metal_star, grunt_dithmenos_smoke_and_mirrors,
          uniq_josephine, uniq_kirke
Temple:   nicolae_temple_x_marks_the_god_16

Action                   |  1- 3 |  4- 6 |  7- 9 | 10-12 || total
-------------------------+-------+-------+-------+-------++-------
Melee: Short sword       |   141 |       |       |       ||   141
       Spear             |    15 |   129 |   431 |   381 ||   956
 Cast: Sting             |       |       |   131 |   198 ||   329
       Throw Frost       |       |       |     5 |    11 ||    16
       Apportation       |       |       |     1 |     4 ||     5
       Throw Icicle      |       |       |       |   128 ||   128
  Use: Scroll            |     7 |     3 |    10 |     4 ||    24
       Potion            |       |       |     3 |     2 ||     5
 Stab: Sleeping          |     6 |     2 |    24 |     4 ||    36
       Distracted        |       |     1 |     3 |     2 ||     6
  Eat: Chunk             |     3 |     6 |    11 |    20 ||    40
       Fruit             |       |       |    11 |     2 ||    13
       Beef jerky        |       |       |       |     2 ||     2
       Bread ration      |       |       |       |     1 ||     1
       Pizza             |       |       |       |     1 ||     1
